 Dungeon Crawl Stone Soup version 0.31-a0-214-gb37851dbb3 (webtiles) character file.

Game seed: 7212474354339490412

21 qw the Shooter (level 2, -2/24 HPs)
             Began as a Minotaur Hexslinger on July 1, 2023.
             Slain by Terence
             ... wielding a +0 trident
              (5 damage)
             ... on level 2 of the Dungeon.
             The game lasted 00:00:21 (931 turns).

qw the Shooter (Minotaur Hexslinger)                 Turns: 931, Time: 00:00:21

Health: -2/24      AC:  5    Str: 12    XL:     2   Next: 65%
Magic:  2/2        EV: 10    Int: 10    God:
Gold:   37         SH:  0    Dex: 12    Spells: 2/3 levels left

rFire   . . .        Y - +1 sling
rCold   . . .        (no shield)
rNeg    . . .        i - +0 ring mail
rPois   .            (helmet restricted)
rElec   .            (no cloak)
rCorr   .            (no gloves)
SInv    .            (no boots)
Will    .....        (no amulet)
Stlth   +            (no ring)
HPRegen 0.24/turn    (no ring)
MPRegen 0.08/turn

%: no passive effects
@: no status effects
A: horns 2, retaliatory headbutt
a: no special abilities


You were on level 2 of the Dungeon.
You visited 1 branch of the dungeon, and saw 2 of its levels.

You collected 37 gold pieces.


Innate Abilities, Weirdness & Mutations

You have a pair of horns on your head.
You reflexively headbutt those who attack you in melee.


   Skills:
 - Level 2.0 Fighting
 + Level 3.3 Ranged Weapons
 - Level 2.1 Dodging
 - Level 1.0 Spellcasting
 - Level 2.0 Hexes


You had 2 spell levels left.
You knew the following spells:

 Your Spells              Type           Power      Damage    Failure   Level
a - Slow                  Hex            16%        N/A       34%         1

Your spell library contained the following spells:

 Spells                   Type           Power      Damage    Failure   Level
 Inner Flame              Hex/Fire       2%         N/A       83%         3
 Portal Projectile        Hex/Tloc       4%         N/A       83%         3
 Cause Fear               Hex            2%         N/A       98%         4

Inventory:

Hand Weapons
 Y - a +1 sling (weapon)
Armour
 i - a +0 ring mail (worn)
Jewellery
 b - a ring of poison resistance
Scrolls
 a - a scroll of fear {unknown}
 c - a scroll of identify
Potions
 h - a potion of curing {unknown}

Dungeon Overview and Level Annotations

Branches:
Dungeon (2/15)

Altars:

Annotations:
D:2 Terence


Message History

The sling bullet closely misses Terence.
Terence barely misses you.
You shoot a sling bullet. The sling bullet barely misses Terence.
Terence hits you from afar with a +0 trident.
Terence barely misses you.
You shoot a sling bullet.
The sling bullet hits Terence but does no damage.
Terence is lightly wounded.
Terence hits you but does no damage.
You shoot a sling bullet. The sling bullet hits Terence.
Terence is moderately wounded.
Terence hits you from afar with a +0 trident.
Terence barely misses you.
You shoot a sling bullet.
The sling bullet hits Terence but does no damage.
Terence is lightly wounded.
Terence closely misses you.
A goblin comes into view. It is wielding a +0 dagger.
You shoot a sling bullet. The goblin shouts!
The sling bullet hits Terence.
Terence is moderately wounded.
Terence hits you from afar with a +0 trident.
Terence hits you from afar with a +0 trident!
You shoot a sling bullet. The sling bullet hits Terence.
Terence is heavily wounded.
Terence screams, "I want your blood!" Terence barely misses you.
You shoot a sling bullet.
The sling bullet closely misses Terence.
Terence barely misses you.
You shoot a sling bullet. The sling bullet hits the worm!
The worm is heavily wounded.
Terence says, "Don't bother to defend, it's useless."
Terence barely misses you. The worm bites you!
You shoot a sling bullet.
The sling bullet hits the worm but does no damage.
The worm is heavily wounded.
Terence hits you from afar with a +0 trident.
You die...

##..#...........#
#.#..#...####.###
.#.#......###.########
#.....#..............#
###......#############
...#....# #.#...#.#
.#..#...## #......@.#
......gw..#
####.#.@...#
......:....
#......(##.##.#
.#..#...# .# #
.#...#.. .# .#.....


You could see Terence, a worm and a goblin.

Vanquished Creatures
  2 bats (D:2)
  An endoplasm (D:1)
  A hobgoblin (D:1)
  4 quokkas
  2 ball pythons
  A frilled lizard (D:2)
  2 goblins (D:1)
  3 kobolds
  5 rats
21 creatures vanquished.

Notes
Turn   | Place    | Note
-------+----------+-------------------------------------------
     0 | D:1      | qw the Minotaur Hexslinger began the quest for the Orb.
     0 | D:1      | Reached XP level 1. HP: 16/16 MP: 1/1
     0 | D:1      | 0 ||| qw: Version: 0.3-a-32-g5962c71
     0 | D:1      | 0 ||| qw: Game counter: 7439
     0 | D:1      | 0 ||| qw: Melee chars always use a shield: true
     0 | D:1      | 0 ||| qw: God list: Okawaru
     0 | D:1      | 0 ||| qw: Allow faded altars: false
     0 | D:1      | 0 ||| qw: Do Orc after clearing Dungeon:15 true
     0 | D:1      | 0 ||| qw: Do second Lair branch before Depths: true
     0 | D:1      | 0 ||| qw: Lair rune preference: random
     0 | D:1      | 0 ||| qw: Goals: Normal
     0 | D:1      | 0 ||| PLANNING D:1-11
   320 | D:1      | Reached skill level 3 in Ranged Weapons
   331 | D:1      | Reached XP level 2. HP: 20/23 MP: 2/2
   677 | D:1      | 677 ||| UPGRADING to +0 ring mail.
   687 | D:1      | 687 ||| DROPPING +0 robe.
   688 | D:1      | 688 ||| READING scroll labelled CUNNASHR MUIQU.
   689 | D:1      | 689 ||| READING scroll labelled GESOSA TARU.
   690 | D:1      | 690 ||| READING scroll labelled LESTAE DAGURR.
   691 | D:1      | 691 ||| READING scroll labelled HIKAUD XODEF.
   696 | D:1      | 696 ||| DROPPING scroll of poison.
   916 | D:2      | Noticed Terence
   930 | D:2      | HP: 2/24 [worm (8)]
   931 | D:2      | Slain by Terence

Levels and vault maps discovered:
D:1:      saegor_arrival_simple_e, layout_loops_ring, minmay_pentomino_u2
D:2:      layout_basic, ebering_ecumenical_altar_webs,
          minmay_increasing_density, uniq_crazy_yiuf_cottage, uniq_terence

Skill      XL: |  1  2 |
---------------+-------+-----
Ranged Weapons | 3 |  3.3
Fighting       | 2 |  2.0
Dodging        | |  2.1
Spellcasting   | |  1.0
Hexes          | |  2.0

Action                     || total
---------------------------++-------
   Fire: Sling             ||    77
    Use: Scroll            ||     4
 Armour: Robe              ||     1
         Ring mail         ||    12
  Dodge: Dodged            ||    30

Table legend:
 A = Non-vault XP
 B = Vault XP
 C = Vault XP percentage of total XP
 D = Non-vault monster count
 E = Vault monster count
 F = Vault count percentage of total count
                 A         B        C        D         E       F
            +---------+---------+-------+---------+---------+-------
      Total |      30 |       1 |   3.2 |      20 |       1 |   4.8
            +---------+---------+-------+---------+---------+-------
        D:1 |      20 |       0 |   0.0 |      13 |       0 |   0.0
        D:2 |      10 |       1 |   9.1 |       7 |       1 |  12.5
            +---------+---------+-------+---------+---------+-------
